 Dungeon Crawl Stone Soup version 0.19.1 (webtiles) character file.

176 tv1990 the Digger (level 5, -1/35 HPs)
             Began as a Formicid Earth Elementalist on Nov 25, 2016.
             Slain by a big kobold
             ... wielding a +0 short sword
              (4 damage)
             ... in a sewer.
             The game lasted 00:14:12 (3550 turns).

tv1990 the Digger (Formicid Earth Elementalist)     Turns: 3550, Time: 00:14:13

Health: -1/35      AC:  3    Str: 13    XL:     5   Next: 86%
Magic:  1/11       EV: 11    Int: 15    God:
Gold:   87         SH:  0    Dex: 11    Spells: 2 memorised, 8 levels left

rFire  . . .     SeeInvis +     k - +0 whip
rCold  . . .     Gourm    .     f - +0 leather armour
rNeg   . . .     Faith    .     (no shield)
rPois  .         Spirit   .     (helmet unavailable)
rElec  .         Reflect  .     (no cloak)
rCorr  .         Harm     .     (no gloves)
MR     .....                    (no boots)
Stlth  ++........               (no amulet)
                                (no ring)
                                n - ring of flight

@: very slightly contaminated
A: permanent stasis, dig shafts and tunnels, four strong arms, antennae 3
a: Dig, Shaft Self, Evoke Flight


You were in a sewer.
You were hungry.

You visited 1 branch of the dungeon, and saw 4 of its levels.
You also visited: Sewer.

You collected 87 gold pieces.

Inventory:

Hand Weapons
 a - a +0 dagger
 h - a +0 dagger
 k - a +0 whip (weapon)
 w - a -3 blowgun
Missiles
 i - a stone (quivered)
Armour
 c - a +0 robe
 f - a +0 leather armour (worn)
Jewellery
 n - a ring of flight (left hand)
Wands
 g - a wand of confusion (17/48)
Scrolls
 m - a scroll of teleportation
 p - 2 scrolls of noise
 u - 2 scrolls of remove curse
Potions
 o - a potion of degeneration {unknown}
 q - a potion of cancellation {unknown}
 r - 2 potions of might {unknown}
 t - a potion of brilliance {unknown}
 v - a potion of haste {unknown}
Books
 e - a book of Geomancy

   Spells                             Type                      Level
   a - Sandblast                      Earth                        1
   b - Passwall                       Transmutation/Earth          2
   c - Stone Arrow                    Conjuration/Earth            3
   d - Petrify                        Transmutation/Earth          4
   e - Lee's Rapid Deconstruction     Earth                        5
Comestibles
 d - 3 bread rations
 j - 4 chunks of flesh


   Skills:
 - Level 1.7 Dodging
 - Level 2.4 Stealth
 + Level 4.2 Spellcasting
   Level 1.1 Transmutations
 + Level 5.8 Earth Magic


You had 8 spell levels left.
You knew the following spells:

 Your Spells              Type           Power        Failure   Level  Hunger
a - Sandblast             Erth           ###...       2%          1    None
b - Stone Arrow           Conj/Erth      ##....       24%         3    ###....


Dungeon Overview and Level Annotations

Branches:
Dungeon (4/15)
 Temple: D:4-7

Altars:
Cheibriados


Innate Abilities, Weirdness & Mutations

You are under a permanent stasis effect.
You can dig through walls and to a lower floor.
Your four strong arms can wield two-handed weapons with a shield.
You have a pair of large antennae on your head. (SInv)


Message History

Confirm with . or Enter, or press ? or * to list all spells.
Aiming: Stone Arrow
Press: ? - help, Shift-Dir - straight line, f/p - big kobold
Aim: a big kobold, wielding a short sword (severely wounded)
The stone arrow hits the big kobold.
The big kobold is almost dead.
The big kobold hits you with a short sword.
* * * LOW HITPOINT WARNING * * *
Casting: Stone Arrow
Confirm with . or Enter, or press ? or * to list all spells.
You don't have enough magic to cast that spell.
Casting: Stone Arrow
Confirm with . or Enter, or press ? or * to list all spells.
Aiming: Sandblast
Press: ? - help, Shift-Dir - straight line, f/p - big kobold
Aim: a big kobold, wielding a short sword (almost dead)
The blast of sand hits the big kobold.
The big kobold is almost dead.
The big kobold hits you with a short sword.
You die...

≈≈≈≈≈..####......... ##
## #≈≈....##.....##...
#K!#..#.............###..
#!....#............## ...
#.KK.{......##.#........
#!K...#{...###÷###.....##
#!!#. ##{### ##.########
# # #K## ### ##@# ###


You could see a big kobold.

Vanquished Creatures
  An orc priest (D:3)
  2 adders (D:2)
  2 river rats (Sewer)
  3 worms
  2 dart slugs
  3 leopard geckos
  4 orcs (D:3)
  10 bats
  4 giant cockroaches
  13 goblins
  6 hobgoblins
  2 jackals (D:1)
  A quokka (D:2)
  4 ball pythons
  2 frilled lizards (D:1)
  12 kobolds
  A quokka skeleton (D:4)
  24 rats
96 creatures vanquished.

Notes
Turn   | Place    | Note
-------+----------+-------------------------------------------
     0 | D:1      | tv1990 the Formicid Earth Elementalist began the quest for the Orb.
     0 | D:1      | Reached XP level 1. HP: 13/13 MP: 3/3
   286 | D:1      | Reached XP level 2. HP: 19/19 MP: 2/5
   324 | D:1      | Reached skill level 4 in Earth Magic
   506 | D:1      | Reached XP level 3. HP: 24/24 MP: 5/7
   900 | D:1      | Learned a level 3 spell: Stone Arrow
  1099 | D:2      | Found a snail-covered altar of Cheibriados.
  1121 | D:2      | Reached XP level 4. HP: 30/30 MP: 5/8
  1227 | D:2      | Found a faded altar of an unknown god.
  1891 | D:3      | Reached skill level 5 in Earth Magic
  2057 | D:3      | Reached XP level 5. HP: 17/35 MP: 2/10
  2587 | D:4      | Found a glowing drain.
  2591 | Sewer    | Entered a sewer
  3514 | Sewer    | Noticed a big kobold
  3550 | Sewer    | Slain by a big kobold

Skill      XL: |  1  2  3  4  5 |
---------------+----------------+-----
Earth Magic    | 4 5 |  5.8
Spellcasting   | 3 4 |  4.2
Dodging        | |  1.7
Stealth        | |  2.4
Transmutations | |  1.1

Action                   |  1- 3 |  4- 6 || total
-------------------------+-------+-------++-------
Melee: Dagger            |     8 |       ||     8
       Whip              |       |    85 ||    85
 Cast: Sandblast         |    34 |    79 ||   113
       Stone Arrow       |     1 |     9 ||    10
 Abil: Dig               |       |     7 ||     7
  Use: Scroll            |       |     8 ||     8
       Potion            |       |     7 ||     7
  Eat: Chunk             |     1 |     9 ||    10
Armor: Robe              |     3 |     2 ||     5
       Skin              |       |    13 ||    13
       Leather armour    |       |    23 ||    23
Dodge: Dodged            |    14 |    68 ||    82

Vault maps used:
D:1:      dpeg_arrival_triangle_fractal, grunt_decor_cap
D:2:      kennysheep_slug_shrine, first_bread, ecumenical_altar_2, minivault_24
D:4:      kennysheep_the_goblin_king, nicolae_overflow_crystal_walls,
          kennysheep_mini_moat, gup_sewer_entry_bowl, serial_bayou_ford_a
Sewer:    sewer_minmay_treatment
